[ AOE2 MATCH · #462425146 ]
Team RMWei vs Bohemians
[ REPLAY ANALYSIS · EXTRACTED FROM THE RECORDED GAME ]
Feudal
—
Castle
—
Imperial
—
| APM avg | 16.9 |
| APM peak | 46 |
| eAPM avg | 14.3 |
| Villagers / military | 133 / 163 |
Focus
⚔️ 51.2% · 🌾 48.8%
Unknown (1949) ×172 · Spearman ×163 · Unknown (1942) ×13 · Unknown (1954) ×1
Feudal
11:33
Castle
15:20
Imperial
29:52
| APM avg | 24.0 |
| APM peak | 118 |
| eAPM avg | 18.7 |
| Villagers / military | 210 / 454 |
Focus
⚔️ 25.0% · 🌾 75.0%
Spearman ×278 · Archer ×75 · Skirmisher ×69 · Eagle Scout ×27 · Trebuchet (Packed) ×5
Feudal
—
Castle
—
Imperial
—
| APM avg | 20.0 |
| APM peak | 51 |
| eAPM avg | 13.9 |
| Villagers / military | 139 / 453 |
Focus
⚔️ 34.4% · 🌾 65.6%
Scout Cavalry ×195 · Knight ×191 · Obuch ×30 · Skirmisher ×20 · Bombard Cannon ×8 · Trebuchet (Packed) ×7
Feudal
11:05
Castle
21:22
Imperial
37:09
| APM avg | 23.6 |
| APM peak | 84 |
| eAPM avg | 11.8 |
| Villagers / military | 102 / 175 |
Focus
⚔️ 29.0% · 🌾 71.0%
Battle Elephant ×91 · Rattan Archer ×69 · Trade Cart ×19 · Trebuchet (Packed) ×10 · Mangonel ×4 · Fire Lancer ×1
Feudal
10:32
Castle
18:35
Imperial
31:07
| APM avg | 24.1 |
| APM peak | 66 |
| eAPM avg | 17.4 |
| Villagers / military | 135 / 416 |
Focus
⚔️ 49.2% · 🌾 50.8%
Woad Raider ×350 · Battering Ram ×58 · Militia ×3 · Spearman ×2 · Trebuchet (Packed) ×2 · Mangonel ×1
Feudal
11:59
Castle
16:22
Imperial
36:23
| APM avg | 42.6 |
| APM peak | 101 |
| eAPM avg | 27.3 |
| Villagers / military | 291 / 100 |
Focus
⚔️ 10.7% · 🌾 89.3%
Militia ×80 · Mangonel ×11 · Trade Cart ×9 · Battering Ram ×6 · Trebuchet (Packed) ×3
Feudal
10:35
Castle
18:14
Imperial
36:51
| APM avg | 20.3 |
| APM peak | 71 |
| eAPM avg | 17.2 |
| Villagers / military | 120 / 328 |
Focus
⚔️ 44.4% · 🌾 55.6%
Scorpion ×241 · Spearman ×76 · Trade Cart ×15 · Trebuchet (Packed) ×11
Feudal
11:05
Castle
18:39
Imperial
32:59
| APM avg | 18.9 |
| APM peak | 48 |
| eAPM avg | 11.2 |
| Villagers / military | 111 / 100 |
Focus
⚔️ 22.4% · 🌾 77.6%
Skirmisher ×46 · Trade Cart ×25 · Bombard Cannon ×21 · Mangonel ×12 · Knight ×11 · Petard ×4
Match map
Initial resources + every placement click. Lines = walls · curves = elevation contours. ◆ gold · ⬟ stone · ● berries · ✦ relic · ◌ wall gap
Your base· ✓ Closed at 18:52 · 0t walls · 3 gate(s)
Krahhyz's base· ✓ Closed at 15:20 · 0t walls · 2 gate(s)
ElusiveDrake803's base· ✓ Closed at 14:06 · 0t walls · 3 gate(s)
LIOEM2's base· ✓ Closed at 21:22 · 0t walls · 3 gate(s)
IMAFKNKILLERTOO's base· ✓ Closed at 18:35 · 0t walls · 3 gate(s)
zansob's base· ✓ Closed at 16:22 · 0t walls · 2 gate(s)
DaddyVikk's base· ✓ Closed at 18:14 · 0t walls · 2 gate(s)
kyara's base· ✓ Closed at 18:39 · 0t walls · 3 gate(s)
Smoothed initial terrain · ◌ = detected wall gap · hover for details
Inputs per minute
— Papa Hewy - - Krahhyz
Build order — Papa Hewy
First 150 of 652 actions detected
| 0:04 | Build | House |
| 0:06 | Build | House |
| 0:14 | Create | Villager (Male) |
| 0:14 | Create | Villager (Male) |
| 0:14 | Create | Villager (Male) |
| 0:14 | Create | Villager (Male) |
| 0:14 | Create | Villager (Male) |
| 1:51 | Create | Villager (Male) |
| 1:59 | Build | Lumber Camp |
| 2:13 | Create | Villager (Male) |
| 2:44 | Create | Villager (Male) |
| 3:03 | Create | Villager (Male) |
| 3:34 | Create | Villager (Male) |
| 3:48 | Build | House |
| 4:04 | Create | Villager (Male) |
| 4:21 | Build | Mill |
| 4:50 | Create | Villager (Male) |
| 4:50 | Create | Villager (Male) |
| 4:50 | Create | Villager (Male) |
| 5:46 | Create | Villager (Male) |
| 5:46 | Create | Villager (Male) |
| 6:34 | Create | Villager (Male) |
| 6:45 | Build | House |
| 7:10 | Build | House |
| 7:45 | Research | Feudal Age |
| 8:17 | Build | Barracks |
| 10:09 | Build | Market |
| 10:17 | Research | Double-Bit Axe |
| 10:26 | Create | Villager (Male) |
| 10:26 | Create | Villager (Male) |
| 10:27 | Create | Villager (Male) |
| 10:27 | Create | Villager (Male) |
| 10:39 | Research | Horse Collar |
| 11:17 | Build | Mill |
| 11:48 | Build | Mining Camp |
| 12:01 | Build | Farm |
| 12:02 | Build | Farm |
| 12:28 | Build | Farm |
| 12:32 | Create | Villager (Male) |
| 12:32 | Create | Villager (Male) |
| 12:33 | Create | Villager (Male) |
| 12:45 | Build | Farm |
| 12:46 | Build | Farm |
| 13:12 | Build | Farm |
| 13:21 | Create | Villager (Male) |
| 13:21 | Create | Villager (Male) |
| 14:07 | Build | House |
| 14:09 | Build | House |
| 14:12 | Build | House |
| 14:17 | Create | Villager (Male) |
| 14:17 | Create | Villager (Male) |
| 14:35 | Build | Blacksmith |
| 14:49 | Build | Farm |
| 14:49 | Build | Farm |
| 14:50 | Build | Farm |
| 14:52 | Build | Farm |
| 15:14 | Research | Gold Mining |
| 15:18 | Create | Villager (Male) |
| 15:18 | Create | Villager (Male) |
| 16:16 | Build | Mining Camp |
| 16:29 | Create | Villager (Male) |
| 16:29 | Create | Villager (Male) |
| 16:36 | Build | Farm |
| 16:37 | Build | Farm |
| 16:41 | Build | Farm |
| 16:42 | Build | Farm |
| 16:43 | Build | Farm |
| 17:16 | Build | Archery Range |
| 17:28 | Create | Spearman |
| 17:28 | Create | Spearman |
| 17:37 | Create | Villager (Male) |
| 17:38 | Create | Villager (Male) |
| 17:40 | Create | Villager (Male) |
| 18:52 | Research | Castle Age |
| 19:06 | Build | House |
| 19:09 | Build | House |
| 19:12 | Build | House |
| 19:19 | Build | Archery Range |
| 20:01 | Build | Stable |
| 20:33 | Research | Stone Mining |
| 20:37 | Research | Scale Barding Armor |
| 20:40 | Research | Forging |
| 20:44 | Research | Fletching |
| 21:00 | Create | Villager (Male) |
| 21:51 | Build | Siege Workshop |
| 21:54 | Build | Siege Workshop |
| 22:01 | Create | Villager (Male) |
| 22:01 | Create | Villager (Male) |
| 22:01 | Create | Villager (Male) |
| 22:02 | Create | Villager (Male) |
| 22:11 | Build | Town Center |
| 22:20 | Research | Bow Saw |
| 23:03 | Create | Villager (Male) |
| 23:03 | Create | Villager (Male) |
| 23:23 | Create | Villager (Male) |
| 23:24 | Create | Villager (Male) |
| 23:25 | Create | Villager (Male) |
| 24:31 | Research | Husbandry |
| 24:32 | Research | Bloodlines |
| 24:34 | Create | Villager (Male) |
| 24:34 | Create | Villager (Male) |
| 24:34 | Create | Villager (Male) |
| 24:34 | Create | Villager (Male) |
| 25:14 | Create | Villager (Male) |
| 25:14 | Create | Villager (Male) |
| 25:15 | Create | Villager (Male) |
| 25:15 | Create | Villager (Male) |
| 25:30 | Build | Castle |
| 25:51 | Create | Villager (Male) |
| 25:51 | Create | Villager (Male) |
| 26:06 | Build | Town Center |
| 26:47 | Create | Villager (Male) |
| 26:47 | Create | Villager (Male) |
| 26:48 | Create | Villager (Male) |
| 26:48 | Create | Villager (Male) |
| 26:58 | Build | House |
| 27:01 | Build | House |
| 27:02 | Build | House |
| 27:03 | Build | House |
| 27:05 | Build | House |
| 27:06 | Build | House |
| 27:09 | Build | House |
| 27:10 | Build | House |
| 27:20 | Build | Farm |
| 27:21 | Build | Farm |
| 27:21 | Build | Farm |
| 27:21 | Build | Farm |
| 27:21 | Build | Farm |
| 27:22 | Build | Farm |
| 27:22 | Build | Farm |
| 27:23 | Build | Farm |
| 27:26 | Build | Farm |
| 27:35 | Build | Mining Camp |
| 27:43 | Create | Unit 1949 |
| 27:43 | Create | Unit 1949 |
| 27:43 | Create | Unit 1949 |
| 27:43 | Create | Unit 1949 |
| 27:44 | Create | Unit 1949 |
| 27:44 | Create | Unit 1949 |
| 27:44 | Create | Unit 1949 |
| 27:45 | Create | Unit 1949 |
| 28:02 | Build | Farm |
| 28:02 | Build | Farm |
| 28:03 | Build | Farm |
| 28:03 | Build | Farm |
| 28:04 | Build | Farm |
| 28:09 | Create | Villager (Male) |
| 28:09 | Create | Villager (Male) |
| 28:09 | Create | Villager (Male) |
| 28:10 | Create | Villager (Male) |
Build order — Krahhyz
First 150 of 597 actions detected
| 0:03 | Build | House |
| 0:04 | Build | House |
| 0:05 | Create | Villager (Male) |
| 0:05 | Create | Villager (Male) |
| 0:06 | Create | Villager (Male) |
| 0:06 | Create | Villager (Male) |
| 0:06 | Create | Villager (Male) |
| 1:24 | Create | Villager (Male) |
| 1:50 | Build | Lumber Camp |
| 1:57 | Create | Villager (Male) |
| 1:58 | Create | Villager (Male) |
| 2:31 | Create | Villager (Male) |
| 2:32 | Create | Villager (Male) |
| 3:09 | Create | Villager (Male) |
| 3:09 | Create | Villager (Male) |
| 3:38 | Create | Villager (Male) |
| 3:39 | Create | Villager (Male) |
| 4:03 | Create | Villager (Male) |
| 4:03 | Create | Villager (Male) |
| 4:23 | Create | Villager (Male) |
| 4:24 | Create | Villager (Male) |
| 4:36 | Build | Mill |
| 4:48 | Build | House |
| 4:53 | Build | House |
| 4:57 | Create | Villager (Male) |
| 5:45 | Create | Villager (Male) |
| 5:46 | Create | Villager (Male) |
| 5:46 | Create | Villager (Male) |
| 6:34 | Create | Villager (Male) |
| 7:06 | Build | House |
| 7:11 | Create | Villager (Male) |
| 8:03 | Create | Villager (Male) |
| 8:03 | Create | Villager (Male) |
| 8:32 | Build | Mining Camp |
| 8:40 | Create | Villager (Male) |
| 9:20 | Create | Villager (Male) |
| 9:23 | Research | Feudal Age |
| 9:30 | Build | House |
| 11:19 | Create | Villager (Male) |
| 11:19 | Create | Villager (Male) |
| 11:33 | Age | Feudal Age |
| 11:37 | Build | Blacksmith |
| 11:47 | Build | Market |
| 11:52 | Create | Villager (Male) |
| 11:52 | Create | Villager (Male) |
| 12:40 | Research | Castle Age |
| 13:22 | Research | Double-Bit Axe |
| 13:23 | Research | Horse Collar |
| 13:40 | Build | Farm |
| 13:40 | Build | Farm |
| 13:49 | Build | Farm |
| 13:50 | Build | Farm |
| 13:50 | Build | Farm |
| 13:51 | Build | Farm |
| 14:02 | Build | Barracks |
| 15:09 | Build | House |
| 15:20 | Age | Castle Age |
| 15:22 | Build | Town Center |
| 15:23 | Create | Villager (Male) |
| 15:24 | Create | Villager (Male) |
| 15:27 | Research | Gold Mining |
| 15:46 | Build | Farm |
| 15:47 | Build | Farm |
| 15:47 | Build | Farm |
| 15:47 | Build | Farm |
| 16:06 | Create | Villager (Male) |
| 16:07 | Create | Villager (Male) |
| 16:43 | Create | Villager (Male) |
| 16:43 | Create | Villager (Male) |
| 16:44 | Create | Villager (Male) |
| 16:44 | Create | Villager (Male) |
| 16:48 | Build | Farm |
| 16:49 | Build | Farm |
| 16:49 | Build | Farm |
| 17:02 | Create | Villager (Male) |
| 17:02 | Create | Villager (Male) |
| 17:02 | Create | Villager (Male) |
| 17:03 | Create | Villager (Male) |
| 17:03 | Create | Villager (Male) |
| 17:03 | Create | Villager (Male) |
| 17:22 | Create | Villager (Male) |
| 17:22 | Create | Villager (Male) |
| 17:25 | Build | Farm |
| 17:26 | Build | Farm |
| 17:32 | Build | Farm |
| 18:03 | Build | Farm |
| 18:03 | Build | Farm |
| 18:27 | Create | Villager (Male) |
| 18:27 | Create | Villager (Male) |
| 18:30 | Build | House |
| 18:32 | Build | House |
| 18:38 | Build | Archery Range |
| 18:50 | Research | Eagle Warrior (upgrade) |
| 18:55 | Build | Farm |
| 18:55 | Build | Farm |
| 19:00 | Research | Scale Mail Armor |
| 19:04 | Create | Eagle Scout |
| 19:04 | Create | Eagle Scout |
| 19:21 | Build | Farm |
| 19:21 | Build | Farm |
| 19:48 | Build | House |
| 19:49 | Build | House |
| 19:59 | Create | Villager (Male) |
| 19:59 | Create | Villager (Male) |
| 20:00 | Create | Villager (Male) |
| 20:00 | Create | Villager (Male) |
| 20:00 | Create | Villager (Male) |
| 20:21 | Research | Bow Saw |
| 20:35 | Create | Eagle Scout |
| 21:07 | Build | Farm |
| 21:07 | Build | Farm |
| 21:08 | Build | Farm |
| 21:09 | Create | Villager (Male) |
| 21:09 | Create | Villager (Male) |
| 21:09 | Create | Villager (Male) |
| 21:09 | Create | Villager (Male) |
| 21:19 | Build | House |
| 21:19 | Build | House |
| 21:20 | Build | House |
| 21:20 | Build | House |
| 21:21 | Build | House |
| 21:21 | Build | House |
| 21:24 | Build | House |
| 21:47 | Create | Villager (Male) |
| 21:48 | Create | Villager (Male) |
| 22:11 | Research | Crossbowman (upgrade) |
| 22:11 | Research | Thumb Ring |
| 22:22 | Create | Villager (Male) |
| 22:22 | Create | Villager (Male) |
| 22:22 | Create | Villager (Male) |
| 22:22 | Create | Villager (Male) |
| 22:26 | Build | Farm |
| 22:26 | Build | Farm |
| 22:44 | Build | Lumber Camp |
| 22:55 | Create | Villager (Male) |
| 22:55 | Create | Villager (Male) |
| 23:12 | Build | Farm |
| 23:12 | Build | Farm |
| 23:17 | Research | Heavy Plow |
| 23:18 | Create | Villager (Male) |
| 23:19 | Create | Villager (Male) |
| 23:19 | Create | Villager (Male) |
| 23:19 | Create | Villager (Male) |
| 23:19 | Create | Villager (Male) |
| 23:36 | Build | Town Center |
| 23:39 | Create | Villager (Male) |
| 23:39 | Create | Villager (Male) |
| 24:32 | Build | Farm |
| 24:32 | Build | Farm |
| 24:32 | Build | Farm |
Build order — ElusiveDrake803
First 150 of 469 actions detected
| 0:06 | Build | House |
| 0:10 | Build | House |
| 0:12 | Create | Villager (Male) |
| 0:12 | Create | Villager (Male) |
| 0:13 | Create | Villager (Male) |
| 0:13 | Create | Villager (Male) |
| 0:13 | Create | Villager (Male) |
| 1:49 | Create | Villager (Male) |
| 2:31 | Create | Villager (Male) |
| 2:31 | Create | Villager (Male) |
| 2:47 | Build | Lumber Camp |
| 3:00 | Build | House |
| 3:07 | Create | Villager (Male) |
| 3:08 | Create | Villager (Male) |
| 3:29 | Create | Villager (Male) |
| 4:10 | Create | Villager (Male) |
| 4:10 | Create | Villager (Male) |
| 4:40 | Create | Villager (Male) |
| 5:03 | Create | Villager (Male) |
| 5:12 | Build | Mill |
| 5:21 | Create | Villager (Male) |
| 5:21 | Create | Villager (Male) |
| 5:44 | Create | Villager (Male) |
| 5:45 | Create | Villager (Male) |
| 5:45 | Create | Villager (Male) |
| 6:05 | Build | House |
| 6:31 | Create | Villager (Male) |
| 6:31 | Create | Villager (Male) |
| 6:47 | Build | Farm |
| 7:14 | Create | Villager (Male) |
| 7:15 | Create | Villager (Male) |
| 7:15 | Create | Villager (Male) |
| 7:15 | Create | Villager (Male) |
| 7:33 | Build | Farm |
| 7:50 | Build | Farm |
| 9:05 | Build | House |
| 9:13 | Build | Barracks |
| 9:31 | Research | Feudal Age |
| 9:46 | Build | Mill |
| 9:54 | Create | Villager (Male) |
| 9:54 | Create | Villager (Male) |
| 9:54 | Create | Villager (Male) |
| 10:15 | Build | Mining Camp |
| 10:20 | Create | Villager (Male) |
| 10:50 | Build | House |
| 11:08 | Build | House |
| 11:44 | Build | Blacksmith |
| 11:58 | Build | Farm |
| 12:29 | Build | Stable |
| 13:14 | Create | Villager (Male) |
| 13:21 | Build | House |
| 13:36 | Build | Farm |
| 13:52 | Build | Mining Camp |
| 14:06 | Research | Castle Age |
| 14:24 | Build | House |
| 14:30 | Research | Double-Bit Axe |
| 14:51 | Build | Farm |
| 14:58 | Build | House |
| 15:08 | Research | Horse Collar |
| 15:38 | Build | House |
| 15:40 | Build | House |
| 15:58 | Research | Bloodlines |
| 16:03 | Create | Villager (Male) |
| 16:03 | Create | Villager (Male) |
| 16:04 | Create | Villager (Male) |
| 16:04 | Create | Villager (Male) |
| 16:15 | Create | Villager (Male) |
| 16:22 | Build | Farm |
| 16:32 | Build | House |
| 17:09 | Build | Town Center |
| 17:24 | Create | Knight |
| 17:31 | Build | House |
| 18:01 | Create | Villager (Male) |
| 18:02 | Create | Villager (Male) |
| 18:02 | Create | Villager (Male) |
| 18:02 | Create | Villager (Male) |
| 18:13 | Build | Farm |
| 18:18 | Create | Villager (Male) |
| 18:19 | Create | Villager (Male) |
| 18:19 | Create | Villager (Male) |
| 18:35 | Build | House |
| 18:48 | Build | Farm |
| 18:59 | Build | Farm |
| 19:12 | Build | Farm |
| 19:24 | Build | Farm |
| 19:29 | Create | Villager (Male) |
| 19:30 | Create | Villager (Male) |
| 19:30 | Create | Villager (Male) |
| 19:38 | Build | Farm |
| 19:47 | Build | Farm |
| 19:49 | Create | Villager (Male) |
| 19:49 | Create | Villager (Male) |
| 19:50 | Create | Villager (Male) |
| 19:50 | Create | Villager (Male) |
| 20:00 | Build | Farm |
| 20:10 | Build | Castle |
| 20:27 | Build | Farm |
| 20:45 | Build | Farm |
| 20:50 | Research | Loom |
| 20:56 | Build | House |
| 21:20 | Build | Farm |
| 21:25 | Research | Heavy Plow |
| 21:29 | Create | Villager (Male) |
| 21:30 | Create | Villager (Male) |
| 21:30 | Create | Villager (Male) |
| 21:30 | Create | Villager (Male) |
| 21:32 | Research | Wheelbarrow |
| 21:40 | Build | Farm |
| 21:46 | Build | House |
| 22:15 | Create | Villager (Male) |
| 22:15 | Create | Villager (Male) |
| 22:15 | Create | Villager (Male) |
| 22:16 | Create | Villager (Male) |
| 22:25 | Build | Monastery |
| 22:50 | Create | Villager (Male) |
| 22:50 | Create | Villager (Male) |
| 22:56 | Build | Farm |
| 23:17 | Create | Monk |
| 23:23 | Build | University |
| 23:28 | Build | Farm |
| 23:37 | Build | Town Center |
| 23:47 | Create | Villager (Male) |
| 23:47 | Create | Villager (Male) |
| 23:48 | Create | Villager (Male) |
| 23:48 | Create | Villager (Male) |
| 23:59 | Build | Farm |
| 24:03 | Build | Farm |
| 24:10 | Research | Szlachta Privileges |
| 24:29 | Research | Hand Cart |
| 24:49 | Create | Villager (Male) |
| 24:49 | Create | Villager (Male) |
| 24:50 | Create | Villager (Male) |
| 24:50 | Create | Villager (Male) |
| 24:56 | Build | Farm |
| 25:10 | Build | Farm |
| 25:16 | Build | House |
| 25:16 | Build | House |
| 25:22 | Build | Farm |
| 25:29 | Build | Farm |
| 25:55 | Build | Stable |
| 25:56 | Build | Stable |
| 25:58 | Build | Stable |
| 26:03 | Build | Farm |
| 26:12 | Build | Farm |
| 26:15 | Create | Villager (Male) |
| 26:16 | Create | Villager (Male) |
| 26:16 | Create | Villager (Male) |
| 26:16 | Create | Villager (Male) |
| 26:21 | Create | Villager (Male) |
| 26:21 | Create | Villager (Male) |
Build order — LIOEM2
First 150 of 342 actions detected
| 0:04 | Create | Villager (Male) |
| 0:04 | Research | Loom |
| 0:05 | Create | Villager (Male) |
| 0:05 | Create | Villager (Male) |
| 0:05 | Create | Villager (Male) |
| 0:09 | Build | House |
| 0:11 | Build | House |
| 0:16 | Build | House |
| 0:18 | Build | House |
| 1:45 | Create | Villager (Male) |
| 2:32 | Create | Villager (Male) |
| 3:23 | Create | Villager (Male) |
| 3:25 | Create | Villager (Male) |
| 3:25 | Create | Villager (Male) |
| 4:18 | Create | Villager (Male) |
| 4:28 | Create | Villager (Male) |
| 5:03 | Create | Villager (Male) |
| 5:31 | Create | Villager (Male) |
| 5:50 | Create | Villager (Male) |
| 6:25 | Build | Lumber Camp |
| 6:30 | Build | Mill |
| 6:52 | Create | Villager (Male) |
| 7:16 | Create | Villager (Male) |
| 8:05 | Create | Villager (Male) |
| 8:09 | Create | Villager (Male) |
| 8:48 | Research | Feudal Age |
| 8:48 | Research | Feudal Age |
| 9:04 | Build | Lumber Camp |
| 9:23 | Build | House |
| 9:30 | Build | House |
| 9:33 | Build | House |
| 9:37 | Build | House |
| 9:40 | Build | House |
| 9:44 | Build | House |
| 9:46 | Build | House |
| 9:48 | Build | House |
| 9:50 | Build | House |
| 9:55 | Create | Villager (Male) |
| 10:03 | Build | Lumber Camp |
| 10:58 | Build | Barracks |
| 11:05 | Age | Feudal Age |
| 11:08 | Create | Villager (Male) |
| 11:14 | Research | Double-Bit Axe |
| 11:31 | Create | Villager (Male) |
| 11:35 | Build | Farm |
| 11:58 | Build | Stable |
| 12:03 | Create | Villager (Male) |
| 12:05 | Build | Farm |
| 12:12 | Research | Horse Collar |
| 12:25 | Build | Farm |
| 12:51 | Build | Stable |
| 12:55 | Create | Villager (Male) |
| 12:58 | Build | Farm |
| 13:04 | Create | Villager (Male) |
| 13:19 | Build | Mining Camp |
| 13:23 | Create | Villager (Male) |
| 13:25 | Build | Farm |
| 13:38 | Build | Farm |
| 13:45 | Build | Farm |
| 13:49 | Build | Farm |
| 14:05 | Build | Farm |
| 14:15 | Build | Farm |
| 14:29 | Create | Villager (Male) |
| 14:30 | Create | Villager (Male) |
| 14:51 | Research | Gold Mining |
| 15:13 | Build | Stable |
| 15:24 | Create | Villager (Male) |
| 15:47 | Build | Archery Range |
| 15:52 | Create | Villager (Male) |
| 15:58 | Build | Farm |
| 16:23 | Build | Market |
| 16:27 | Create | Villager (Male) |
| 16:30 | Build | Farm |
| 16:34 | Create | Villager (Male) |
| 17:00 | Build | Farm |
| 17:16 | Build | Mining Camp |
| 17:20 | Create | Villager (Male) |
| 17:24 | Build | Farm |
| 17:44 | Build | Mining Camp |
| 17:47 | Create | Villager (Male) |
| 18:14 | Create | Villager (Male) |
| 18:20 | Build | Farm |
| 18:42 | Research | Castle Age |
| 18:51 | Build | Stable |
| 19:18 | Create | Villager (Male) |
| 19:20 | Research | Stone Mining |
| 19:34 | Build | Blacksmith |
| 20:10 | Create | Villager (Male) |
| 21:22 | Create | Villager (Male) |
| 21:22 | Age | Castle Age |
| 21:35 | Build | Town Center |
| 21:55 | Create | Villager (Male) |
| 22:09 | Create | Battle Elephant |
| 22:10 | Create | Battle Elephant |
| 22:15 | Create | Battle Elephant |
| 22:17 | Create | Battle Elephant |
| 22:27 | Create | Villager (Male) |
| 22:30 | Research | Bow Saw |
| 22:48 | Create | Trade Cart |
| 22:53 | Create | Battle Elephant |
| 22:55 | Create | Battle Elephant |
| 22:59 | Create | Battle Elephant |
| 23:10 | Create | Villager (Male) |
| 23:13 | Create | Villager (Male) |
| 23:14 | Create | Villager (Male) |
| 23:16 | Create | Villager (Male) |
| 23:17 | Create | Villager (Male) |
| 23:44 | Build | Farm |
| 23:49 | Create | Villager (Male) |
| 23:49 | Create | Villager (Male) |
| 24:02 | Build | Farm |
| 24:04 | Build | Farm |
| 24:10 | Create | Villager (Male) |
| 24:14 | Create | Villager (Male) |
| 24:16 | Build | Farm |
| 24:32 | Build | Castle |
| 24:35 | Create | Villager (Male) |
| 24:46 | Build | Mill |
| 24:48 | Build | Farm |
| 24:50 | Create | Villager (Male) |
| 24:52 | Create | Villager (Male) |
| 25:08 | Build | Farm |
| 25:14 | Create | Villager (Male) |
| 25:16 | Research | Heavy Plow |
| 25:23 | Build | Farm |
| 25:36 | Create | Villager (Male) |
| 25:41 | Create | Villager (Male) |
| 25:47 | Create | Battle Elephant |
| 25:56 | Build | Farm |
| 26:00 | Build | Farm |
| 26:04 | Create | Villager (Male) |
| 26:18 | Build | Stable |
| 26:29 | Create | Villager (Male) |
| 26:31 | Create | Villager (Male) |
| 26:35 | Build | Farm |
| 26:44 | Create | Rattan Archer |
| 26:47 | Create | Trade Cart |
| 26:49 | Create | Trade Cart |
| 26:56 | Build | Farm |
| 27:06 | Research | Stone Shaft Mining |
| 27:11 | Create | Villager (Male) |
| 27:22 | Build | Farm |
| 27:27 | Create | Villager (Male) |
| 27:27 | Create | Villager (Male) |
| 27:34 | Create | Villager (Male) |
| 27:51 | Create | Rattan Archer |
| 28:03 | Create | Rattan Archer |
| 28:24 | Research | Bloodlines |
| 28:26 | Research | Husbandry |
| 28:31 | Research | Scale Barding Armor |
Build order — IMAFKNKILLERTOO
First 150 of 694 actions detected
| 0:03 | Build | House |
| 0:04 | Build | House |
| 0:05 | Create | Villager (Male) |
| 0:05 | Create | Villager (Male) |
| 0:06 | Create | Villager (Male) |
| 0:06 | Create | Villager (Male) |
| 0:06 | Create | Villager (Male) |
| 1:27 | Create | Villager (Male) |
| 1:28 | Create | Villager (Male) |
| 2:14 | Create | Villager (Male) |
| 2:14 | Create | Villager (Male) |
| 2:36 | Create | Villager (Male) |
| 2:37 | Create | Villager (Male) |
| 3:12 | Create | Villager (Male) |
| 3:13 | Create | Villager (Male) |
| 3:59 | Create | Villager (Male) |
| 3:59 | Create | Villager (Male) |
| 4:44 | Create | Villager (Male) |
| 4:44 | Create | Villager (Male) |
| 4:56 | Build | Lumber Camp |
| 5:13 | Create | Villager (Male) |
| 5:13 | Create | Villager (Male) |
| 5:13 | Create | Villager (Male) |
| 5:43 | Build | House |
| 5:44 | Build | House |
| 6:29 | Build | Mill |
| 6:30 | Create | Villager (Male) |
| 6:31 | Create | Villager (Male) |
| 6:31 | Create | Villager (Male) |
| 6:56 | Create | Villager (Male) |
| 8:22 | Research | Feudal Age |
| 10:32 | Age | Feudal Age |
| 10:46 | Create | Villager (Male) |
| 10:46 | Create | Villager (Male) |
| 10:47 | Create | Villager (Male) |
| 10:47 | Create | Villager (Male) |
| 11:11 | Research | Double-Bit Axe |
| 11:18 | Build | Farm |
| 11:19 | Build | Farm |
| 11:19 | Build | Farm |
| 11:21 | Create | Villager (Male) |
| 12:01 | Create | Villager (Male) |
| 12:08 | Build | House |
| 12:09 | Build | House |
| 12:10 | Build | House |
| 12:18 | Build | Market |
| 12:25 | Build | Blacksmith |
| 12:33 | Build | Farm |
| 12:33 | Build | Farm |
| 12:33 | Build | Farm |
| 12:34 | Build | Farm |
| 12:35 | Build | Farm |
| 12:42 | Build | Mining Camp |
| 13:23 | Create | Villager (Male) |
| 13:26 | Create | Villager (Male) |
| 13:50 | Create | Villager (Male) |
| 13:51 | Create | Villager (Male) |
| 14:16 | Build | Mining Camp |
| 14:34 | Build | Farm |
| 14:35 | Build | Farm |
| 14:49 | Build | Barracks |
| 14:58 | Create | Villager (Male) |
| 15:07 | Build | Farm |
| 15:08 | Build | Farm |
| 15:11 | Create | Villager (Male) |
| 15:55 | Research | Castle Age |
| 16:14 | Research | Stone Mining |
| 16:38 | Research | Gold Mining |
| 16:48 | Create | Militia |
| 17:07 | Create | Militia |
| 17:24 | Create | Militia |
| 17:41 | Research | Horse Collar |
| 18:05 | Create | Spearman |
| 18:05 | Create | Spearman |
| 18:35 | Age | Castle Age |
| 18:38 | Build | Town Center |
| 18:40 | Create | Villager (Male) |
| 18:41 | Create | Villager (Male) |
| 19:07 | Build | Town Center |
| 19:18 | Create | Villager (Male) |
| 19:18 | Create | Villager (Male) |
| 19:27 | Build | House |
| 19:28 | Build | House |
| 19:30 | Build | House |
| 20:10 | Research | Heavy Plow |
| 20:21 | Create | Villager (Male) |
| 20:22 | Create | Villager (Male) |
| 20:22 | Create | Villager (Male) |
| 20:22 | Create | Villager (Male) |
| 20:25 | Create | Villager (Male) |
| 20:30 | Build | Farm |
| 20:36 | Create | Villager (Male) |
| 20:36 | Create | Villager (Male) |
| 20:37 | Create | Villager (Male) |
| 20:51 | Research | Bow Saw |
| 20:55 | Create | Villager (Male) |
| 21:19 | Research | Stone Shaft Mining |
| 21:37 | Create | Villager (Male) |
| 21:43 | Create | Villager (Male) |
| 21:55 | Build | Farm |
| 21:56 | Build | Farm |
| 21:56 | Build | Farm |
| 21:56 | Build | Farm |
| 22:11 | Create | Villager (Male) |
| 22:11 | Create | Villager (Male) |
| 22:22 | Build | Farm |
| 22:27 | Create | Villager (Male) |
| 22:32 | Build | Farm |
| 22:47 | Research | Gold Shaft Mining |
| 22:52 | Create | Villager (Male) |
| 23:32 | Create | Villager (Male) |
| 23:38 | Build | Farm |
| 23:46 | Build | Farm |
| 23:46 | Build | Farm |
| 23:57 | Create | Villager (Male) |
| 23:58 | Create | Villager (Male) |
| 23:58 | Create | Villager (Male) |
| 23:59 | Create | Villager (Male) |
| 23:59 | Create | Villager (Male) |
| 24:00 | Create | Villager (Male) |
| 24:01 | Create | Villager (Male) |
| 24:12 | Create | Villager (Male) |
| 24:34 | Build | Castle |
| 24:36 | Build | Mining Camp |
| 24:47 | Create | Villager (Male) |
| 24:47 | Create | Villager (Male) |
| 24:55 | Create | Villager (Male) |
| 25:10 | Create | Villager (Male) |
| 25:16 | Research | Wheelbarrow |
| 25:19 | Research | Loom |
| 25:27 | Create | Villager (Male) |
| 25:28 | Create | Villager (Male) |
| 25:31 | Build | Farm |
| 25:31 | Build | Farm |
| 25:32 | Build | Farm |
| 25:32 | Build | Farm |
| 25:32 | Build | Farm |
| 25:35 | Create | Villager (Male) |
| 25:35 | Create | Villager (Male) |
| 25:40 | Build | House |
| 25:41 | Build | House |
| 25:42 | Build | House |
| 25:44 | Build | House |
| 25:48 | Build | House |
| 25:52 | Create | Villager (Male) |
| 25:53 | Create | Villager (Male) |
| 25:53 | Create | Villager (Male) |
| 25:56 | Create | Villager (Male) |
| 26:02 | Build | Mining Camp |
| 26:08 | Build | Lumber Camp |
Build order — zansob
First 150 of 375 actions detected
| 0:04 | Build | House |
| 0:05 | Build | House |
| 0:07 | Create | Villager (Male) ×4 |
| 1:46 | Create | Villager (Male) |
| 1:46 | Create | Villager (Male) |
| 1:46 | Create | Villager (Male) |
| 2:15 | Create | Villager (Male) |
| 2:15 | Create | Villager (Male) |
| 2:15 | Create | Villager (Male) |
| 2:16 | Create | Villager (Male) |
| 3:09 | Build | Lumber Camp |
| 3:13 | Create | Villager (Male) ×2 |
| 4:13 | Create | Villager (Male) ×3 |
| 4:45 | Create | Villager (Male) |
| 4:45 | Create | Villager (Male) |
| 5:10 | Build | House |
| 6:03 | Build | House |
| 6:05 | Build | House |
| 6:40 | Create | Villager (Male) |
| 6:41 | Create | Villager (Male) ×5 |
| 6:41 | Create | Villager (Male) ×5 |
| 6:41 | Create | Villager (Male) ×2 |
| 8:19 | Create | Villager (Male) |
| 9:12 | Build | Mill |
| 9:13 | Create | Villager (Male) |
| 9:49 | Research | Feudal Age |
| 9:58 | Build | Farm |
| 10:00 | Build | Farm |
| 10:01 | Build | Farm |
| 10:03 | Build | Farm |
| 10:14 | Build | Farm |
| 10:15 | Build | Farm |
| 10:16 | Build | Farm |
| 10:51 | Build | Farm |
| 11:54 | Create | Villager (Male) |
| 11:55 | Create | Villager (Male) |
| 11:59 | Age | Feudal Age |
| 12:06 | Build | Market |
| 12:10 | Build | Blacksmith |
| 13:17 | Create | Villager (Male) |
| 13:29 | Research | Castle Age |
| 13:29 | Research | Castle Age |
| 13:32 | Build | Farm |
| 13:58 | Research | Horse Collar |
| 14:08 | Research | Double-Bit Axe |
| 14:31 | Create | Villager (Male) |
| 14:31 | Create | Villager (Male) |
| 15:20 | Build | House |
| 15:22 | Build | House |
| 15:24 | Build | House |
| 16:22 | Age | Castle Age |
| 16:25 | Build | Town Center |
| 16:29 | Create | Villager (Male) ×5 |
| 16:45 | Research | Bow Saw |
| 16:48 | Build | House |
| 16:50 | Build | House |
| 17:01 | Build | House |
| 17:21 | Create | Villager (Male) ×4 |
| 17:41 | Build | Town Center |
| 18:13 | Create | Villager (Male) |
| 18:36 | Create | Villager (Male) ×2 |
| 19:14 | Research | Heavy Plow |
| 19:14 | Research | Heavy Plow |
| 19:26 | Build | Farm |
| 19:27 | Build | Farm |
| 19:29 | Build | Farm |
| 19:39 | Create | Villager (Male) |
| 19:39 | Create | Villager (Male) |
| 19:46 | Build | Farm |
| 19:46 | Build | Farm |
| 19:47 | Build | Farm |
| 19:47 | Build | Farm |
| 19:50 | Create | Villager (Male) |
| 20:14 | Create | Villager (Male) |
| 20:50 | Build | Town Center |
| 20:55 | Create | Villager (Male) ×3 |
| 20:56 | Create | Villager (Male) ×3 |
| 20:56 | Create | Villager (Male) ×3 |
| 20:57 | Create | Villager (Male) |
| 21:05 | Build | Farm |
| 21:08 | Build | Farm |
| 21:19 | Build | Farm |
| 21:25 | Create | Villager (Male) |
| 21:25 | Create | Villager (Male) |
| 21:25 | Create | Villager (Male) |
| 21:42 | Research | Loom |
| 21:42 | Create | Villager (Male) |
| 21:43 | Create | Villager (Male) |
| 21:44 | Create | Villager (Male) |
| 22:14 | Build | Town Center |
| 22:25 | Create | Villager (Male) ×4 |
| 22:36 | Create | Villager (Male) ×2 |
| 22:49 | Build | Farm |
| 22:50 | Build | House |
| 22:53 | Build | Farm |
| 22:54 | Build | Farm |
| 23:06 | Build | Farm |
| 23:17 | Create | Villager (Male) ×5 |
| 23:17 | Create | Villager (Male) ×5 |
| 23:32 | Build | Town Center |
| 23:46 | Create | Villager (Male) ×4 |
| 23:46 | Create | Villager (Male) ×4 |
| 23:47 | Create | Villager (Male) |
| 24:21 | Create | Villager (Male) ×5 |
| 24:21 | Create | Villager (Male) ×5 |
| 24:22 | Create | Villager (Male) |
| 24:44 | Build | Farm |
| 24:45 | Build | Farm |
| 24:46 | Build | Farm |
| 24:47 | Build | Farm |
| 24:48 | Build | Farm |
| 24:49 | Build | Farm |
| 24:51 | Build | Farm |
| 24:55 | Build | Farm |
| 25:05 | Build | Siege Workshop |
| 25:21 | Build | Barracks |
| 25:26 | Build | Barracks |
| 25:34 | Build | House |
| 25:50 | Create | Villager (Male) |
| 25:50 | Create | Villager (Male) |
| 25:57 | Create | Villager (Male) ×5 |
| 25:57 | Create | Villager (Male) ×5 |
| 25:58 | Create | Villager (Male) ×5 |
| 25:58 | Create | Villager (Male) ×4 |
| 26:04 | Build | Farm |
| 26:05 | Build | Farm |
| 26:07 | Build | Farm |
| 26:08 | Build | Farm |
| 26:09 | Build | Farm |
| 26:11 | Build | Farm |
| 26:14 | Build | Farm |
| 26:17 | Build | Farm |
| 26:18 | Build | Farm |
| 26:19 | Build | Farm |
| 26:23 | Create | Villager (Male) |
| 26:26 | Create | Villager (Male) ×4 |
| 26:27 | Create | Villager (Male) ×4 |
| 26:27 | Create | Villager (Male) ×4 |
| 26:50 | Build | Barracks |
| 27:05 | Create | Villager (Male) ×5 |
| 27:05 | Create | Villager (Male) ×5 |
| 27:05 | Create | Villager (Male) ×3 |
| 27:11 | Build | House |
| 27:24 | Build | House |
| 27:26 | Build | House |
| 27:28 | Build | House |
| 27:56 | Create | Villager (Male) ×5 |
| 28:06 | Create | Trade Cart ×5 |
| 28:41 | Build | Siege Workshop |
| 28:43 | Build | Siege Workshop |
Build order — DaddyVikk
First 150 of 663 actions detected
| 0:04 | Build | House |
| 0:08 | Build | House |
| 0:15 | Build | House |
| 0:18 | Research | Loom |
| 0:20 | Create | Villager (Male) |
| 0:21 | Create | Villager (Male) |
| 0:21 | Create | Villager (Male) |
| 0:21 | Create | Villager (Male) |
| 0:21 | Create | Villager (Male) |
| 0:21 | Create | Villager (Male) |
| 2:02 | Create | Villager (Male) |
| 2:03 | Create | Villager (Male) |
| 2:50 | Create | Villager (Male) |
| 2:50 | Create | Villager (Male) |
| 2:51 | Create | Villager (Male) |
| 3:48 | Create | Villager (Male) |
| 3:48 | Create | Villager (Male) |
| 4:07 | Create | Villager (Male) |
| 4:07 | Create | Villager (Male) |
| 4:07 | Create | Villager (Male) |
| 4:08 | Create | Villager (Male) |
| 4:08 | Create | Villager (Male) |
| 4:08 | Create | Villager (Male) |
| 4:10 | Create | Villager (Male) |
| 4:10 | Create | Villager (Male) |
| 4:10 | Create | Villager (Male) |
| 4:14 | Create | Villager (Male) |
| 4:14 | Create | Villager (Male) |
| 5:17 | Create | Villager (Male) |
| 5:17 | Create | Villager (Male) |
| 5:18 | Create | Villager (Male) |
| 6:05 | Build | Lumber Camp |
| 8:05 | Build | Mill |
| 8:25 | Research | Feudal Age |
| 9:03 | Build | House |
| 9:05 | Build | House |
| 9:06 | Build | House |
| 9:52 | Create | Villager (Male) |
| 9:53 | Create | Villager (Male) |
| 9:53 | Create | Villager (Male) |
| 9:53 | Create | Villager (Male) |
| 9:53 | Create | Villager (Male) |
| 10:19 | Build | House |
| 10:35 | Age | Feudal Age |
| 10:37 | Research | Double-Bit Axe |
| 10:47 | Build | Barracks |
| 11:41 | Build | Mining Camp |
| 12:08 | Create | Villager (Male) |
| 12:08 | Create | Villager (Male) |
| 12:09 | Create | Villager (Male) |
| 12:27 | Build | Blacksmith |
| 12:48 | Create | Villager (Male) |
| 12:48 | Create | Villager (Male) |
| 13:00 | Build | Market |
| 13:18 | Build | Farm |
| 13:18 | Build | Farm |
| 13:19 | Build | Farm |
| 13:19 | Build | Farm |
| 13:19 | Build | Farm |
| 13:20 | Build | Farm |
| 13:20 | Build | Farm |
| 13:21 | Build | Farm |
| 13:21 | Build | Farm |
| 13:21 | Build | Farm |
| 13:21 | Build | Farm |
| 13:22 | Build | Farm |
| 13:22 | Build | Farm |
| 13:22 | Build | Farm |
| 13:22 | Build | Farm |
| 13:22 | Build | Farm |
| 13:23 | Build | Farm |
| 13:23 | Build | Farm |
| 13:23 | Build | Farm |
| 13:24 | Build | Farm |
| 13:24 | Build | Farm |
| 13:24 | Build | Farm |
| 13:24 | Build | Farm |
| 13:25 | Build | Farm |
| 13:58 | Build | Farm |
| 13:58 | Build | Farm |
| 13:58 | Build | Farm |
| 13:59 | Build | Farm |
| 13:59 | Build | Farm |
| 14:34 | Build | Mining Camp |
| 14:46 | Create | Villager (Male) |
| 14:58 | Build | Farm |
| 14:58 | Build | Farm |
| 14:58 | Build | Farm |
| 14:59 | Build | Farm |
| 14:59 | Build | Farm |
| 14:59 | Build | Farm |
| 15:34 | Research | Castle Age |
| 16:15 | Build | Farm |
| 16:15 | Build | Farm |
| 17:29 | Build | Barracks |
| 17:31 | Build | Barracks |
| 17:34 | Build | Barracks |
| 18:08 | Create | Villager (Male) |
| 18:08 | Create | Villager (Male) |
| 18:08 | Create | Villager (Male) |
| 18:08 | Create | Villager (Male) |
| 18:14 | Age | Castle Age |
| 18:18 | Build | Town Center |
| 18:34 | Build | Siege Workshop |
| 18:36 | Build | Siege Workshop |
| 18:40 | Build | Siege Workshop |
| 19:10 | Build | Town Center |
| 20:00 | Build | Siege Workshop |
| 20:04 | Create | Villager (Male) |
| 20:04 | Create | Villager (Male) |
| 20:05 | Create | Villager (Male) |
| 20:05 | Create | Villager (Male) |
| 20:20 | Create | Villager (Male) |
| 20:20 | Create | Villager (Male) |
| 20:20 | Create | Villager (Male) |
| 20:20 | Create | Villager (Male) |
| 20:35 | Research | Horse Collar |
| 20:45 | Build | Farm |
| 20:45 | Build | Farm |
| 20:46 | Build | Farm |
| 20:46 | Build | Farm |
| 20:46 | Build | Farm |
| 20:46 | Build | Farm |
| 20:46 | Build | Farm |
| 20:47 | Build | Farm |
| 20:48 | Create | Villager (Male) |
| 20:49 | Create | Villager (Male) |
| 20:49 | Create | Villager (Male) |
| 20:49 | Create | Villager (Male) |
| 20:55 | Research | Loom |
| 21:09 | Build | Mining Camp |
| 21:14 | Research | Squires |
| 21:46 | Research | Fletching |
| 22:07 | Build | Siege Workshop |
| 22:24 | Build | House |
| 22:27 | Build | House |
| 22:28 | Build | House |
| 22:29 | Build | House |
| 22:31 | Build | House |
| 22:32 | Build | House |
| 22:33 | Build | House |
| 22:34 | Build | House |
| 22:36 | Build | House |
| 22:45 | Build | Farm |
| 22:51 | Research | Wheelbarrow |
| 22:56 | Research | Wheelbarrow |
| 23:41 | Build | Castle |
| 23:52 | Build | Farm |
| 23:56 | Research | Fletching |
| 24:00 | Create | Villager (Male) |
Build order — kyara
First 150 of 344 actions detected
| 0:01 | Create | Villager (Male) |
| 0:02 | Create | Villager (Male) |
| 0:02 | Create | Villager (Male) |
| 0:02 | Create | Villager (Male) |
| 0:02 | Create | Villager (Male) |
| 0:04 | Build | House |
| 0:06 | Build | House |
| 1:30 | Create | Villager (Male) |
| 1:30 | Create | Villager (Male) |
| 2:09 | Create | Villager (Male) |
| 2:10 | Create | Villager (Male) |
| 2:15 | Create | Villager (Male) |
| 2:16 | Create | Villager (Male) |
| 2:52 | Create | Villager (Male) |
| 2:52 | Create | Villager (Male) |
| 2:52 | Create | Villager (Male) |
| 3:06 | Create | Villager (Male) |
| 3:06 | Create | Villager (Male) |
| 3:27 | Build | House |
| 4:12 | Create | Villager (Male) |
| 4:44 | Create | Villager (Male) |
| 4:48 | Create | Villager (Male) |
| 4:48 | Create | Villager (Male) |
| 4:49 | Create | Villager (Male) |
| 4:49 | Create | Villager (Male) |
| 5:24 | Create | Villager (Male) |
| 5:49 | Create | Villager (Male) |
| 5:59 | Build | House |
| 7:07 | Create | Villager (Male) |
| 7:19 | Create | Villager (Male) |
| 7:22 | Create | Villager (Male) |
| 7:29 | Build | Mill |
| 7:50 | Build | Lumber Camp |
| 8:09 | Create | Villager (Male) |
| 8:43 | Build | Mill |
| 8:48 | Research | Feudal Age |
| 9:49 | Build | House |
| 11:05 | Age | Feudal Age |
| 11:06 | Build | Mining Camp |
| 11:07 | Create | Villager (Male) |
| 11:07 | Create | Villager (Male) |
| 11:08 | Create | Villager (Male) |
| 11:08 | Create | Villager (Male) |
| 11:08 | Create | Villager (Male) |
| 11:25 | Build | Mining Camp |
| 11:47 | Research | Double-Bit Axe |
| 13:03 | Build | House |
| 13:12 | Build | Market |
| 13:13 | Build | Blacksmith |
| 13:19 | Create | Villager (Male) |
| 13:48 | Create | Villager (Male) |
| 14:24 | Build | Farm |
| 14:26 | Build | Farm |
| 14:27 | Build | Farm |
| 14:49 | Build | Farm |
| 14:52 | Build | Farm |
| 14:53 | Build | Farm |
| 14:54 | Build | Farm |
| 14:56 | Build | Farm |
| 14:59 | Build | Farm |
| 15:08 | Build | Farm |
| 15:21 | Build | Farm |
| 15:59 | Research | Castle Age |
| 18:39 | Age | Castle Age |
| 18:49 | Build | Castle |
| 19:03 | Create | Villager (Male) |
| 19:03 | Create | Villager (Male) |
| 19:03 | Create | Villager (Male) |
| 19:04 | Create | Villager (Male) |
| 19:04 | Create | Villager (Male) |
| 19:15 | Build | Town Center |
| 20:32 | Create | Villager (Male) |
| 20:36 | Build | Farm |
| 20:37 | Build | Farm |
| 20:43 | Build | Farm |
| 20:45 | Create | Villager (Male) |
| 20:45 | Create | Villager (Male) |
| 20:45 | Create | Villager (Male) |
| 20:54 | Build | Siege Workshop |
| 21:00 | Create | Petard |
| 21:01 | Create | Hussite Wagon |
| 21:01 | Create | Hussite Wagon |
| 21:04 | Create | Villager (Male) |
| 21:19 | Create | Villager (Male) |
| 21:20 | Research | Wheelbarrow |
| 21:44 | Build | Barracks |
| 21:46 | Create | Villager (Male) |
| 21:47 | Create | Villager (Male) |
| 21:56 | Build | Town Center |
| 22:16 | Build | House |
| 22:20 | Create | Villager (Male) |
| 22:21 | Create | Villager (Male) |
| 22:27 | Create | Villager (Male) |
| 22:27 | Create | Villager (Male) |
| 22:35 | Research | Horse Collar |
| 22:41 | Build | Stable |
| 22:52 | Create | Villager (Male) |
| 23:05 | Create | Battering Ram |
| 23:18 | Research | Bow Saw |
| 23:21 | Create | Villager (Male) |
| 23:43 | Create | Knight |
| 23:43 | Create | Knight |
| 23:43 | Create | Knight |
| 23:52 | Create | Villager (Male) |
| 23:58 | Create | Villager (Male) |
| 23:59 | Create | Villager (Male) |
| 24:02 | Build | Farm |
| 24:08 | Build | Farm |
| 24:48 | Create | Villager (Male) |
| 25:20 | Create | Petard |
| 25:24 | Create | Knight |
| 25:25 | Create | Knight |
| 25:28 | Create | Villager (Male) |
| 25:28 | Create | Villager (Male) |
| 25:34 | Build | University |
| 25:39 | Build | Monastery |
| 25:41 | Create | Villager (Male) |
| 25:42 | Create | Villager (Male) |
| 25:46 | Build | Farm |
| 25:49 | Build | Farm |
| 26:16 | Create | Petard |
| 26:16 | Create | Petard |
| 26:21 | Create | Villager (Male) |
| 26:25 | Build | Farm |
| 26:26 | Build | Farm |
| 26:28 | Create | Villager (Male) |
| 26:28 | Create | Villager (Male) |
| 26:28 | Create | Villager (Male) |
| 26:31 | Create | Villager (Male) |
| 26:32 | Create | Villager (Male) |
| 26:38 | Build | Lumber Camp |
| 27:12 | Create | Hussite Wagon |
| 27:18 | Create | Villager (Male) |
| 27:19 | Create | Villager (Male) |
| 27:24 | Build | Farm |
| 27:25 | Build | Farm |
| 27:30 | Create | Villager (Male) |
| 27:34 | Build | Lumber Camp |
| 27:47 | Create | Battering Ram |
| 27:48 | Create | Mangonel |
| 27:57 | Create | Villager (Male) |
| 27:57 | Create | Villager (Male) |
| 28:43 | Create | Knight |
| 28:45 | Create | Knight |
| 29:29 | Create | Villager (Male) |
| 29:35 | Build | Farm |
| 29:36 | Build | Farm |
| 29:49 | Research | Imperial Age |
| 29:58 | Create | Villager (Male) |
| 29:58 | Create | Villager (Male) |
Match timeline
| 8:17 | Papa Hewy · first_building Barracks |
| 9:13 | ElusiveDrake803 · first_building Barracks |
| 10:32 | IMAFKNKILLERTOO · age_up feudal |
| 10:35 | DaddyVikk · age_up feudal |
| 10:47 | DaddyVikk · first_building Barracks |
| 10:58 | LIOEM2 · first_building Barracks |
| 11:05 | LIOEM2 · age_up feudal |
| 11:05 | kyara · age_up feudal |
| 11:33 | Krahhyz · age_up feudal |
| 11:58 | LIOEM2 · first_building Stable |
| 11:59 | zansob · age_up feudal |
| 12:29 | ElusiveDrake803 · first_building Stable |
| 13:22 | zansob · first_market_sell 100 food |
| 14:02 | Krahhyz · first_building Barracks |
| 14:49 | IMAFKNKILLERTOO · first_building Barracks |
| 15:03 | Krahhyz · first_market_buy 100 wood |
| 15:12 | DaddyVikk · first_market_buy 100 food |
| 15:20 | Krahhyz · age_up castle |
| 15:47 | LIOEM2 · first_building Archery Range |
| 15:49 | IMAFKNKILLERTOO · first_market_sell 100 wood |
| 15:53 | IMAFKNKILLERTOO · first_market_buy 100 food |
| 16:22 | zansob · age_up castle |
| 17:16 | Papa Hewy · first_building Archery Range |
| 18:14 | DaddyVikk · age_up castle |
| 18:34 | DaddyVikk · first_building Siege Workshop |
| 18:35 | IMAFKNKILLERTOO · age_up castle |
| 18:38 | Krahhyz · first_building Archery Range |
| 18:38 | LIOEM2 · first_market_buy 100 food |
| 18:39 | kyara · age_up castle |
| 18:49 | kyara · first_building Castle |
| 20:01 | Papa Hewy · first_building Stable |
| 20:10 | ElusiveDrake803 · first_building Castle |
| 20:54 | kyara · first_building Siege Workshop |
| 21:22 | LIOEM2 · age_up castle |
| 21:44 | kyara · first_building Barracks |
| 21:51 | Papa Hewy · first_building Siege Workshop |
| 22:25 | ElusiveDrake803 · first_building Monastery |
| 22:41 | kyara · first_building Stable |
| 23:41 | DaddyVikk · first_building Castle |
| 24:32 | LIOEM2 · first_building Castle |
| 24:34 | IMAFKNKILLERTOO · first_building Castle |
| 25:05 | zansob · first_building Siege Workshop |
| 25:21 | zansob · first_building Barracks |
| 25:22 | Krahhyz · first_building Monastery |
| 25:30 | Papa Hewy · first_building Castle |
| 25:39 | kyara · first_building Monastery |
| 26:27 | IMAFKNKILLERTOO · first_building Siege Workshop |
| 27:36 | DaddyVikk · first_market_sell 100 wood |
| 28:59 | IMAFKNKILLERTOO · first_building Monastery |
| 29:42 | kyara · first_market_buy 100 food |
| 29:52 | Krahhyz · age_up imperial |
| 30:41 | Krahhyz · first_market_sell 100 wood |
| 30:51 | Krahhyz · first_building Castle |
| 31:07 | IMAFKNKILLERTOO · age_up imperial |
| 31:32 | zansob · first_building Castle |
| 32:20 | kyara · first_building Archery Range |
| 32:37 | Papa Hewy · first_market_buy 100 food |
| 32:59 | kyara · age_up imperial |
| 33:37 | LIOEM2 · first_market_sell 500 wood |
| 35:13 | zansob · wall_segment Stone Wall x1 |
| 35:21 | LIOEM2 · first_building Monastery |
| 35:42 | kyara · wall_segment Stone Wall x6 |
| 35:45 | kyara · wall_segment Stone Wall x5 |
| 35:55 | zansob · wall_segment Stone Wall x1 |
| 36:14 | ElusiveDrake803 · first_building Siege Workshop |
| 36:23 | zansob · age_up imperial |
| 36:39 | kyara · wall_segment Stone Wall x3 |
| 36:40 | kyara · wall_segment Stone Wall x3 |
| 36:51 | DaddyVikk · age_up imperial |
| 37:09 | LIOEM2 · age_up imperial |
| 37:45 | kyara · wall_segment Stone Wall x2 |
| 39:54 | kyara · wall_segment Stone Wall x3 |
| 39:56 | kyara · wall_segment Stone Wall x3 |
| 41:47 | ElusiveDrake803 · first_building Archery Range |
| 44:33 | LIOEM2 · first_building Siege Workshop |
| 47:09 | kyara · first_market_sell 500 wood |
| 49:15 | LIOEM2 · tribute_sent a jugador 1 |
| 49:15 | LIOEM2 · tribute_sent a jugador 2 |
| 49:15 | LIOEM2 · tribute_sent a jugador 3 |
| 49:15 | LIOEM2 · tribute_sent a jugador 5 |
| 49:15 | LIOEM2 · tribute_sent a jugador 6 |
| 49:15 | LIOEM2 · tribute_sent a jugador 7 |
| 49:15 | LIOEM2 · tribute_sent a jugador 8 |
| 50:05 | LIOEM2 · tribute_sent a jugador 1 |
| 50:05 | LIOEM2 · tribute_sent a jugador 2 |
| 50:05 | LIOEM2 · tribute_sent a jugador 3 |
| 50:05 | LIOEM2 · tribute_sent a jugador 5 |
| 50:05 | LIOEM2 · tribute_sent a jugador 6 |
| 50:05 | LIOEM2 · tribute_sent a jugador 7 |
| 50:05 | LIOEM2 · tribute_sent a jugador 8 |
| 54:23 | ElusiveDrake803 · wall_segment Stone Wall x8 |
| 55:56 | kyara · wall_segment Stone Wall x11 |
| 56:57 | ElusiveDrake803 · wall_segment Stone Wall x9 |
| 57:23 | Krahhyz · tribute_sent a jugador 2 |
| 57:23 | Krahhyz · tribute_sent a jugador 3 |
| 57:23 | Krahhyz · tribute_sent a jugador 4 |
| 57:23 | Krahhyz · tribute_sent a jugador 5 |
| 57:23 | Krahhyz · tribute_sent a jugador 6 |
| 57:23 | Krahhyz · tribute_sent a jugador 7 |
| 57:23 | Krahhyz · tribute_sent a jugador 8 |
| 58:53 | zansob · wall_segment Palisade Wall x1 |
| 61:11 | Krahhyz · tribute_sent a jugador 2 |
| 61:11 | Krahhyz · tribute_sent a jugador 3 |
| 61:11 | Krahhyz · tribute_sent a jugador 4 |
| 61:11 | Krahhyz · tribute_sent a jugador 5 |
| 61:11 | Krahhyz · tribute_sent a jugador 6 |
| 61:11 | Krahhyz · tribute_sent a jugador 7 |
| 61:11 | Krahhyz · tribute_sent a jugador 8 |
| 61:40 | LIOEM2 · resign |
[ AI ANALYSIS · 1 CREDIT ]
What really happened in this match?
Wolo.gg analyzes every decision: build order, eco, micro, common mistakes by bracket. Personalized analysis on WhatsApp or Discord in 30 seconds.
Civ guide
Wei
Map guide
Arena
Perfil
Papa Hewy